Workbook

Sheet Planilha
A1: PREFEITURA MUNICIPAL DE VARGEM ALTA ESTADO DO ESPÍRITO SANTO
A4: OBRA: | B4: CAMPO E ALAMBRADO | J4: DER-ES MAR/2025 DESONERADO SINAPI MAR/2025 DESONERADO
A5: LOCAL: | B5: LOCALIDADE DE POMBAL - MUNICÍPIO DE VARGEM ALTA - ES | J5: BDI = 33,25 %
A6: PLANILHA ORÇAMENTÁRIA
A7: ITEM | B7: CÓDIGO SINAPI | C7: ESPECIFICAÇÃO | J7: UNID | K7: QUANT. | L7: PREÇOS EM REAL
L8: P. UNIT. | M8: P. TOTAL
A9: 1 | C9: SERVIÇOS PRELIMINARES
A10: 1.1 | B10: DER-ES 020305 | C10: Placa de obra nas dimensões de 2.0 x 4.0 m, padrão IOPES | J10: m2 | K10: 8 | L10: =ROUND(Q10,2) -> 0 | M10: =ROUND(L10*K10,2) -> 0 | N10: 244.44 | O10: 0.3325 | P10: =N10+(N10*O10) -> 325.7163
A11: 1.2 | B11: DER-ES 020702 | C11: Barracão para almoxarifado área de 10.90m2, de chapa de compensado de 12mm e pontalete 8x8cm, piso cimentado e cobertura de telhas de fibrocimento de 6mm, incl. ponto de luz, conf. projeto (1 utilização) | J11: m2 | K11: 12 | L11: =ROUND(Q11,2) -> 0 | M11: =ROUND(L11*K11,2) -> 0 | N11: 579.35 | O11: 0.3325 | P11: =N11+(N11*O11) -> 771.98388
C12: SUBTOTAL | M12: =SUM(M10:M11) -> 0 | O12: 0.3325
A13: 2 | C13: DRENAGEM | O13: 0.3325
A14: 2.1 | B14: SINAPI 102684 | C14: DRENO PROFUNDO (SEÇÃO 0,50 X 1,50 M), COM TUBO DE PEAD CORRUGADO PERFURADO, DN 100 MM, ENCHIMENTO COM BRITA, ENVOLVIDO COM MANTA GEOTÊXTIL. AF_07/2021 | J14: m | K14: 1611 | L14: =ROUND(Q14,2) -> 0 | M14: =ROUND(L14*K14,2) -> 0 | N14: 204.27 | O14: 0.3325 | P14: =N14+(N14*O14) -> 272.18977
A15: 2.2 | B15: DER -ES 150616 | C15: Caixa de passagem de alvenaria de blocos de concreto 9x19x39cm, dimensões de 50x50x50cm, com revestimento interno em chapisco e reboco, tampa de concreto esp.5cm e lastro de brita 5 cm | J15: und | K15: 6 | L15: =ROUND(Q15,2) -> 0 | M15: =ROUND(L15*K15,2) -> 0 | N15: 277.38 | O15: 0.3325 | P15: =N15+(N15*O15) -> 369.60885
A16: 2.3 | B16: DER-ES 140902 | C16: Tubos de concreto simples C1, diâmetro 300 mm, com rejuntamento de argamassa de cimento, cal hidratada e areia no traço 1:2:6, incluindo escavação e berço, conforme normas e especificações. | J16: m | K16: 30 | L16: =ROUND(Q16,2) -> 0 | M16: =ROUND(L16*K16,2) -> 0 | N16: 182.2 | O16: 0.3325 | P16: =N16+(N16*O16) -> 242.7815
C17: SUBTOTAL | M17: =M14+M15+M16 -> 0 | O17: 0.3325 | P17: =N17+(N17*O17) -> 0
A18: 3 | C18: PREPARO DO SOLO | O18: 0.3325 | P18: =N18+(N18*O18) -> 0
A19: 3.1 | B19: DER-ES 200305 | C19: Fornecimento e espalhamento de areia média lavada | J19: m3 | K19: 308.75 | L19: =ROUND(Q19,2) -> 0 | M19: =ROUND(L19*K19,2) -> 0 | N19: 227.4 | O19: 0.3325 | P19: =N19+(N19*O19) -> 303.0105
C20: SUBTOTAL | M20: =M19 -> 0 | O20: 0.3325 | P20: =N20+(N20*O20) -> 0
A21: 4 | C21: PLANTIO DE GRAMA | O21: 0.3325 | P21: =N21+(N21*O21) -> 0
A22: 4.1 | B22: DER-ES 200326 | C22: Fornecimento e plantio de grama em placas tipo esmeralda, inclusive fornecimento de terra vegetal | J22: m2 | K22: 6175 | L22: =ROUND(Q22,2) -> 0 | M22: =ROUND(L22*K22,2) -> 0 | N22: 32.02 | O22: 0.3325 | P22: =N22+(N22*O22) -> 42.66665
C23: SUBTOTAL | M23: =M22 -> 0 | O23: 0.3325
A24: 5 | C24: ALAMBRADO | O24: 0.3325
A25: 5.1 | B25: DER-ES 200101 | C25: Alambrado c/ tela losangular de arame fio 12 malha 2" revest. em PVC com tubo de ferro galvanizado vertical de 2 1/2" e horizontal de 1" incl. portão, pintados com esmalte sobre fundo anticorrosivo | J25: m2 | K25: 960 | L25: =ROUND(Q25,2) -> 0 | M25: =ROUND(L25*K25,2) -> 0 | N25: 276.42 | O25: 0.3325 | P25: =N25+(N25*O25) -> 368.32965
C26: SUBTOTAL | M26: =M25 -> 0 | O26: 0.3325
A27: 6 | C27: DIVERSOS | O27: 0.3325
A28: 6.1 | B28: composição | C28: Traves em tubos de aço galvanizado diâmetro de 4" (100mm) pintada com tinta esmalte sintético aplicada sobre fundo anticorrosivo. | J28: und | K28: 2 | L28: =ROUND(Q28,2) -> 0 | M28: =ROUND(L28*K28,2) -> 0 | O28: 0.3325
C29: SUBTOTAL | M29: =M28 -> 0
C31: TOTAL DA PLANILHA COM BDI INCLUSO | M31: =M12+M17+M20+M23+M26+M29 -> 0
A33: Vargem Alta / ES, 02 de junho 2025.
E37: LORENÇO FERNANDES AZEREDO | J37: ELIESER RABELLO
E38: CAU A35329-9 | J38: PREFEITO MUNICIPAL

Sheet Cronograma
A1: PREFEITURA MUNICIPAL DE VARGEM ALTA
A2: ESTADO DO ESPÍRITO SANTO
A3: OBRA: | B3: =Planilha!B4 -> CAMPO E ALAMBRADO | H3: =Planilha!J5 -> BDI = 33,25 % | J3: =Planilha!J4 -> DER-ES MAR/2025 DESONERADO SINAPI MAR/2025 DESONERADO
A4: LOCAL: | B4: =Planilha!B5 -> LOCALIDADE DE POMBAL - MUNICÍPIO DE VARGEM ALTA - ES
A5: CRONOGRAMA FÍSICO - FINANCEIRO COM BARRAS
A6: ITEM | B6: ESPECIFICAÇÃO | D6: VALOR DA OBRA E % FÍSICA | E6: ANDAMENTO EM MESES
E7: 1 MÊS | F7: 2 MÊS | G7: 3 MÊS | H7: 4 MÊS | I7: 5 MÊS | J7: 6 MÊS | K7: 7 MÊS | L7: 8 MÊS | M7: 9 MÊS | N7: 10 MÊS | O7: 11 MÊS | P7: 12 MÊS
A8: 1 | B8: =Planilha!C9 -> SERVIÇOS PRELIMINARES | D8: =Planilha!M12 -> 0 | E8: =E10*D8 -> 0
D9: =D8/D27 -> #DIV/0!
E10: 1
A11: 3 | B11: =Planilha!C13 -> DRENAGEM | D11: =Planilha!M17 -> 0 | F11: =F13*D11 -> 0 | G11: =G13*D11 -> 0 | H11: =H13*D11 -> 0 | I11: =I13*D11 -> 0
D12: =D11/D27 -> #DIV/0!
F13: 0.3 | G13: 0.3 | H13: 0.3 | I13: 0.1
A14: 4 | B14: =Planilha!C18 -> PREPARO DO SOLO | D14: =Planilha!M20 -> 0 | I14: =I16*D14 -> 0 | J14: =J16*D14 -> 0 | K14: =K16*D14 -> 0
D15: =D14/D27 -> #DIV/0!
I16: 0.2 | J16: 0.4 | K16: 0.4
A17: 5 | B17: =Planilha!C21 -> PLANTIO DE GRAMA | D17: =Planilha!M23 -> 0 | L17: =L19*D17 -> 0
D18: =D17/D27 -> #DIV/0!
L19: 1
A20: 6 | B20: =Planilha!C24 -> ALAMBRADO | D20: =Planilha!M26 -> 0 | M20: =M22*D20 -> 0 | N20: =N22*D20 -> 0 | O20: =O22*D20 -> 0 | P20: =P22*D20 -> 0
D21: =D20/D27 -> #DIV/0!
M22: 0.25 | N22: 0.25 | O22: 0.25 | P22: 0.25
A23: 7 | B23: =Planilha!C27 -> DIVERSOS | D23: =Planilha!M29 -> 0 | P23: =P25*D23 -> 0
D24: =D23/D27 -> #DIV/0!
P25: 1
B27: TOTAL SIMPLES | D27: =D8+D11+D14+D17+D20+D23 -> 0 | E27: =E8++E11+E14+E17+E20+E23 -> 0 | F27: =F8++F11+F14+F17+F20+F23 -> 0 | G27: =G8+G11+G14+G17+G20+G23 -> 0 | H27: =H8+H14+H17+H20+H23+H11 -> 0 | I27: =I8++I11+I14+I17+I20+I23 -> 0 | J27: =J8+J11+J14+J17+J20+J23 -> 0 | K27: =K8+K11+K14+K17+K20+K23 -> 0 | L27: =L8+L11+L14+L17+L20+L23 -> 0 | M27: =M8+M11+M14+M17+M20+M23 -> 0 | N27: =N8+N11+N14+N17+N20+N23 -> 0 | O27: =O8+O11+O14+O17+O20+O23 -> 0 | P27: =P8+P11+P14+P17+P20+P23 -> 0
B28: TOTAL ACUMULADO | E28: =E27 -> 0 | F28: =E28+F27 -> 0 | G28: =F28+G27 -> 0 | H28: =G28+H27 -> 0 | I28: =H28+I27 -> 0 | J28: =I28+J27 -> 0 | K28: =J28+K27 -> 0 | L28: =K28+L27 -> 0 | M28: =L28+M27 -> 0 | ... P28: =O28+P27 -> 0
B29: % SIMPLES | D29: =D9+D12+D15+D18+D21+D24 -> #DIV/0! | E29: =E27/D27 -> #DIV/0! | F29: =F27/D27 -> #DIV/0! | G29: =G27/D27 -> #DIV/0! | H29: =H27/D27 -> #DIV/0! | I29: =I27/D27 -> #DIV/0! | J29: =J27/D27 -> #DIV/0! | K29: =K27/D27 -> #DIV/0! | L29: =L27/D27 -> #DIV/0! | M29: =M27/D27 -> #DIV/0! | N29: =N27/D27 -> #DIV/0! | O29: =O27/D27 -> #DIV/0! | P29: =P27/D27 -> #DIV/0!
B30: % ACUMULADO | E30: =E29 -> #DIV/0! | F30: =E30+F29 -> #DIV/0! | G30: =F30+G29 -> #DIV/0! | H30: =G30+H29 -> #DIV/0! | I30: =H30+I29 -> #DIV/0! | J30: =I30+J29 -> #DIV/0! | K30: =J30+K29 -> #DIV/0! | L30: =K30+L29 -> #DIV/0! | M30: =L30+M29 -> #DIV/0! | ... P30: =O30+P29 -> #DIV/0!
A32: =Planilha!A33 -> Vargem Alta / ES, 02 de junho 2025.
F40: LORENÇO FERNANDES AZEREDO | K40: ELIESER RABELLO
F41: CAU A35329-9 | K41: PREFEITO MUNICIPAL

Sheet Memória Cálculo
A1: PREFEITURA MUNICIPAL DE VARGEM ALTA ESTADO DO ESPÍRITO SANTO
A4: OBRA: | B4: CAMPO E ALAMBRADO
A5: LOCAL: | B5: LOCALIDADE DE POMBAL - MUNICÍPIO DE VARGEM ALTA - ES
A6: MEMÓRIA DE CÁLCULO
A7: ITEM | B7: CÓDIGO SINAPI | C7: ESPECIFICAÇÃO | G7: UNID | H7: QUANT. | I7: CÁLCULO
A9: 1 | C9: SERVIÇOS PRELIMINARES
A10: 1.1 | B10: =Planilha!B10 -> DER-ES 020305 | C10: =Planilha!C10 -> Placa de obra nas dimensões de 2.0 x 4.0 m, padrão IOPES | G10: m2 | H10: 8 | I10: 2,00 X 4,00 m = 8,00 m2
A11: 1.2 | B11: =Planilha!B11 -> DER-ES 020702 | C11: =Planilha!C11 -> Barracão para almoxarifado área de 10.90m2, de chapa de compensado de 12mm e pontalete 8x8cm, piso cimentado e cobertura de telhas de fibrocimento de 6mm, incl. ponto de luz, conf. projeto (1 utilização) | G11: m2 | H11: 12 | I11: 4,00 x 3,00 m = 12,00 m2
C12: SUBTOTAL
A13: 2 | C13: DRENAGEM
A14: 2.1 | B14: SINAPI 102684 | C14: =Planilha!C14 -> DRENO PROFUNDO (SEÇÃO 0,50 X 1,50 M), COM TUBO DE PEAD CORRUGADO PERFURADO, DN 100 MM, ENCHIMENTO COM BRITA, ENVOLVIDO COM MANTA GEOTÊXTIL. AF_07/2021 | G14: m | H14: 1611 | I14: (64,00 m x 21) = 1.344,00 m (89,00 m x 3) = 267,00 m TOTAL = 1.611,00 m
A15: 2.2 | B15: DER-ES 150616 | C15: =Planilha!C15 -> Caixa de passagem de alvenaria de blocos de concreto 9x19x39cm, dimensões de 50x50x50cm, com revestimento interno em chapisco e reboco, tampa de concreto esp.5cm e lastro de brita 5 cm | G15: und | H15: 6 | I15: 06 unidades
A16: 2.3 | B16: DER-ES 140902 | C16: =Planilha!C16 -> Tubos de concreto simples C1, diâmetro 300 mm, com rejuntamento de argamassa de cimento, cal hidratada e areia no traço 1:2:6, incluindo escavação e berço, conforme normas e especificações. | G16: m | H16: 30 | I16: 10,00 m x 3 = 30,00 m
C18: SUBTOTAL
A19: 3 | C19: PREPARO DO SOLO
A20: 3.1 | B20: DER-ES 200305 | C20: =Planilha!C19 -> Fornecimento e espalhamento de areia média lavada | G20: m3 | H20: 308.75 | I20: 65,00 x 95,00 m = 6.175,00 m2 x 0,05 m = 617,50m3
C22: SUBTOTAL
A23: 4 | C23: PLANTIO DE GRAMA
A24: 4.1 | B24: DER-ES 200336 | C24: =Planilha!C22 -> Fornecimento e plantio de grama em placas tipo esmeralda, inclusive fornecimento de terra vegetal | G24: m2 | H24: 6175 | I24: 65,00 x 95,00 m = 6.175,00 m2
C25: SUBTOTAL
A27: 5 | C27: ALAMBRADO
A28: 5.1 | B28: DER-ES 200101 | C28: =Planilha!C25 -> Alambrado c/ tela losangular de arame fio 12 malha 2" revest. em PVC com tubo de ferro galvanizado vertical de 2 1/2" e horizontal de 1" incl. portão, pintados com esmalte sobre fundo anticorrosivo | G28: m2 | H28: 960 | I28: (65,00 +65,00 + 95,00 + 95,00 m) = 320,00 m x 3,00 m = 960,00 m2
A30: 6 | C30: DIVERSOS
A31: 6.1 | B31: composição | C31: Traves em tubos de aço galvanizado diâmetro de 4" (100mm) pintada com tinta esmalte sintético aplicada sobre fundo anticorrosivo, inclusive com rede de malha grossa de nylon, nas dimensões de 7,32 m de largura e 2,44 m de altura. | G31: und | H31: 2 | I31: 02 unidades
A33: Vargem Alta / ES 27 DE DEZEMBRO DE 2021.
I39: LORENÇO FERNANDES AZEREDO
I40: CAU A35329-9

Sheet CPA
A2: PREFEITURA MUNICIPAL DE VARGEM ALTA
A3: ESTADO DO ESPÍRITO SANTO
A5: OBRA: | B5: CAMPO E ALAMBRADO
A6: LOCAL: | B6: LOCALIDADE DE CASTELINHO - MUNICÍPIO DE VARGEM ALTA - ES
A8: COMPOSIÇÃO DE PREÇO AUXILIAR
A10: Leis Sociais: 91,50% BDI: 29,53%
A12: Item | B12: 1 - SERVIÇOS PRELIMINARES | K12: Unidade
A13: 2.1 | B13: Administração do canteiro de obra | K13: UND
A15: CÓDIGO | B15: 1 - MÃO DE OBRA | E15: UNID. | F15: COEFICIENTE | H15: P. UNITÁRIO | I15: TOTAL PARCIAL | J15: QUANTIDADE
A16: 90777 | B16: ENGENHEIRO CIVIL DE OBRA PLENO COM ENCARGOS COMPLEMENTARES | E16: H | F16: 1 | H16: 69.85 | I16: 65.52 | J16: 96 | K16: =J16*I16 -> 6289.92
A17: 90776 | B17: ENCARREGADO GERAL COM ENCARGOS COMPLEMENTARES | E17: H | F17: 1 | H17: 34.22 | I17: 31.12 | J17: 1920 | K17: =J17*I17 -> 59750.4
A18: TOTAL A | K18: =K16+K17 -> 66040.32
A21: RESUMO
A22: DISCRIMINAÇÃO | F22: TAXA | I22: VALORES
A23: MÃO DE OBRA (TOTAL A) | I23: =K18 -> 66040.32
A24: MATERIAIS (TOTAL B) | I24: =J14 -> 0
A25: EQUIPAMENTOS (TOTAL C) | I25: =J19 -> 0
A26: ENCARGOS SOCIAIS ADERIDO (91,50%)
A27: SUBTOTAL | I27: =I23+I24+I25+I26 -> 66040.32
A29: TOTAL | I29: =I27+I28 -> 66040.32
A30: BDI SOBRE O TOTAL | F30: 0.2953 | I30: =F30*I29 -> 19501.706
A31: PREÇO UNITÁRIO CALCULADO | I31: =I29+I30 -> 85542.026
B33: Vargem Alta/ES, 16 DE NOVEMBRO DE 2017
F37: GERALDO BRUNORO ESTEVES
F38: CREA-ES 033738/D

Sheet CPU
C1: PREFEITURA MUNICIPAL DE VARGEM ALTA
C3: ESTADO DO ESPÍRITO SANTO
A5: OBRA: | B5: =Planilha!B4 -> CAMPO E ALAMBRADO
A6: LOCAL: | B6: =Planilha!B5 -> LOCALIDADE DE POMBAL - MUNICÍPIO DE VARGEM ALTA - ES
A8: PLANILHA DETALHADA DA COMPOSIÇÃO DE PREÇO UNITÁRIO
A10: Item | B10: 7 - DIVERSOS | J10: Unidade
A11: 6.1 | B11: Traves em tubos de aço galvanizado diâmetro de 4" (100mm) pintada com tinta esmalte sintético aplicada sobre fundo anticorrosivo. | J11: M3
A13: 1 - MÃO DE OBRA | D13: UNID. | E13: COEFICIENTE | G13: P. UNITÁRIO | H13: TOTAL PARCIAL | I13: TOTAL A
A14: AJUDANTE (IOPES 010101) | D14: H | E14: 6 | G14: 7.9 | H14: =G14*E14 -> 47.4
A15: SERRALHEIRO (IOPES 010144) | D15: H | E15: 3 | G15: 9.37 | H15: =G15*E15 -> 28.11
A16: SOLDADOR (IOPES010147) | D16: H | E16: 3 | G16: 9.37 | H16: =G16*E16 -> 28.11
A17: TOTAL A | I17: =H14+H15+H16 -> 103.62
A19: 2 - MATERIAIS | D19: UNID. | E19: COEFICIENTE | G19: P. UNITÁRIO | H19: TOTAL PARCIAL | I19: TOTAL B
A20: TUBO FG 4" (100MM) (IOPES 060509) | D20: M | E20: 15 | G20: 189.65 | H20: =G20*E20 -> 2844.75
A21: TINTA ESMALTE SINTÉTICO (IOPES 037502) | D21: L | E21: 3.6 | G21: 41.03 | H21: =G21*E21 -> 147.708
A22: REDE DE NYLON GROSSA P/ FUTSAL (IOPES 039113) | D22: UND | E22: 1 | G22: 203 | H22: =G22*E22 -> 203
A23: TOTAL B | I23: =SUM(H20:H22) -> 3195.458
A25: 3 - EQUIPAMENTOS | D25: UNID. | E25: COEFICIENTE | G25: P. UNITÁRIO | H25: TOTAL PARCIAL | I25: TOTAL B
A26: LOCACAO DE GRUPO GERADOR *80 A 125* KVA, MOTOR DIESEL, REBOCAVEL, ACIONAMENTO MANUAL (SINAPI 00003346) | D26: H | E26: 1.2 | G26: 20.35 | H26: =G26*E26 -> 24.42
A28: TOTAL C | I28: =H26+H27 -> 24.42
A30: RESUMO
A31: DISCRIMINAÇÃO | E31: TAXA | H31: VALORES
A32: MÃO DE OBRA (TOTAL A) | H32: =I17 -> 103.62
A33: MATERIAIS (TOTAL B) | H33: =I23 -> 3195.458
A34: EQUIPAMENTOS (TOTAL C) | H34: =I28 -> 24.42
A35: ENCARGOS SOCIAIS (SOBRE TOTAL A) % | E35: 0.915 | H35: =E35*H32 -> 94.8123
A36: SUBTOTAL | H36: =H32+H33+H34+H35 -> 3418.3103
H37: =E37*H36 -> 0
A38: TOTAL | H38: =H36+H37 -> 3418.3103
A39: BDI SOBRE O TOTAL | E39: 0.2953 | H39: =E39*H38 -> 1009.427
A40: PREÇO UNITÁRIO CALCULADO | H40: =H38+H39 -> 4427.7373
A42: =Planilha!A33 -> Vargem Alta / ES, 02 de junho 2025.
E50: LORENÇO FERNANDES AZEREDO
E51: CAU A35329-9

Sheet BDI 33,25%
A1: DETALHAMENTO DO BDI
A3: PROPONENTE: | B3: Prefeitura de Vargem Alta
A4: OBRA: | B4: =Planilha!B4 -> CAMPO E ALAMBRADO
A5: CONTRATO:
A7: 1. Regime de Contribuição Previdenciária
B9: Com Desoneração
A11: 2. Tipo de Intervenção
B13: Edificações
A15: 3. Incidências sobre o custo
B17: Administração Central - A | C17: 4.06 | D17: % | E17: =C17/100 -> 0.0406
B18: Administração Local - B | C18: 8.19 | D18: % | E18: =C18/100 -> 0.0819
B19: Tributos - C | E19: =C19/100 -> 0
B20: C1 - ISSQN | C20: 4 | D20: % | E20: =C20/100 -> 0.04
B21: C2 - PIS | C21: 0.65 | D21: % | E21: =C21/100 -> 0.0065
B22: C3 - COFINS | C22: 3 | D22: % | E22: =C22/100 -> 0.03
B23: Custos financeiros - D | C23: 0.61 | D23: % | E23: =C23/100 -> 0.0061
B24: Risco, Garantias e seguros - E | C24: 1 | D24: % | E24: =C24/100 -> 0.01
B25: Lucro - F | C25: 8 | D25: % | E25: =C25/100 -> 0.08
A28: 4 – Demonstrativo de cálculo do BDI
B30: BDI= (1+A+B+E ) (1+D) (1+F) - 1 | C30: =(((1+E17+E18+E24)*(1+E23)*(1+E25))/(1-SUM(E20:E22)))-1 -> 0.33249692
B31: (1-C)
A36: Declaro para os devidos fins que o regime de Contribuição Previdenciária adotado para
A37: =CONCATENATE("elaboração do orçamento foi ",B9,", e que esta é a alternativa mais adequada para ") -> elaboração do orçamento foi Com Desoneração, e que esta é a alternativa mais adequada para
A38: a Administração Pública.
A42: Eng./Arq. | B42: ='[1]PLANILHA ORÇAMENTÁRIA'!C65 -> LORENÇO FERNANDES AZEREDO
A43: CREA/CAU: | B43: ='[1]PLANILHA ORÇAMENTÁRIA'!C66 -> CAU A35329-9
A45: Nome | B45: ELIESER RABELLO
A46: Cargo | B46: Prefeito Municipal

Sheet MEMORIAL DESCRITIVO
C1: PREFEITURA MUNICIPAL DE VARGEM ALTA
C3: ESTADO DO ESPÍRITO SANTO
A6: OBRA: | B6: =Planilha!B4 -> CAMPO E ALAMBRADO
A7: LOCAL: | B7: =Planilha!B5 -> LOCALIDADE DE POMBAL - MUNICÍPIO DE VARGEM ALTA - ES
A12: MEMORIAL DESCRITIVO
A17: SERVIÇOS PRELIMINARES
A18: Inicialmente deverá ser instalado a placa da obra nas dimensões de 2,00 x 1,50 m (3,00 m2) confeccionada em chapa galvanizada com requadro de madeira de lei 8x8 cm e fixada em pontaletes de madeira de lei 8x8 cm na altura útil total de 3,50 m.
A19: Na placa deverá constar o nome do orgão provedor do recurso, o nome do orgão tomador do recurso, título ou descrição da obra / serviço, ovalor do empreendimento e o nome da empresa e do responsável técnico da empresa, responsáveis pela obra, bem como o prazo de execução da mesma.
A20: Deverá ser construído barracão de obra para depósito de materiais e ferramentas, nas dimensões de 4,00 x 3,00 m (12,00 m2).
A21: O barracão deverá ser confecionado com tábuas de madeira 30.0 x 2.5 cm fixadas em pontaletes de madeira 8x8 cm, com cobertura de telhas de fibrocimento de 4 mm (uma água) e piso cimentado (argamassa de cimento e areia no traço 1:6), provido de uma porta 0,80 x 2,10 m com fechadura ou cadeado e um ponto de luz com interruptor de sobrepor.
A22: MOVIMENTO DE TERRA
A23: Deverá ser executado os serviços de corte e aterro, regularização e compactação do terreno.
A25: DRENAGEM
A26: A drenagem será executada conforme detalhe em projeto empregando tubos de PVC rigido diâmetro de 100 mm com furos (crivos) na geratriz superior, envolto por manta geotextil e camada drenante de brita nº 01 e 02.
A27: A declividade para escoamento da água drenada nos tubos será de 2 % a partir do eixo do campo no sentido longitudinal, com saida para as laterais com escoamento livre para valetas in natura.
A28: A rede de drenos do campo será ligada em duas caixas de passagem localizadas nas extremidades, a caixa será confeccionada em alvenaria com fundo e tampa de concreto armado e deverá ser nas dimensões internas de 0,60 x 0,60 x 1,50 m.
... A40: As traves a serem instaladas serão confeccionadas com tubos de aço galvanizado diâmetro de 4" (100mm) pintada com tinta esmalte sintético a duas demãos aplicada sobre fundo anticorrosivo, inclusive com rede de malha grossa de nylon. As traves terão as seguintes medidas 7,32 m de largura e 2,44 m de altura.
A43: =Planilha!A33 -> Vargem Alta / ES, 02 de junho 2025.
G47: LORENÇO FERNANDES AZEREDO
G48: =Planilha!E38 -> CAU A35329-9
